Map: [G8] NeoHumanity

Players

Spirit

  • Race: Terran Terran
  • Spawn Location: 11:00

ShoWTimE - Winner!

  • Race: Protoss Protoss
  • Spawn Location: 5:00

Event: Gamers8 2023

VOD

Have the link to the VOD?

Description

Time

  • Played on: Aug. 3, 2023, 10:47 a.m.
  • Length: 10:52

All games in this series

Show
View Real Time Build Order
Export as new Build Order

Spirit Terran 

Build Orders:  

Get SALT Encoding   

  12  0:00  SCV  
  13  0:12  SCV  
  14  0:17  Supply Depot  
  14  0:24  SCV  
  15  0:38  SCV  
  15  0:40  Barracks  
  16  0:43  Refinery  
  16  0:50  SCV  
  17  1:02  SCV  
  18  1:15  SCV  
  19  1:27  Marine, Orbital Command  
  20  1:45  Barracks Reactor  
  20  1:48  Command Center  
  20  1:53  SCV  
  21  2:00  Supply Depot  
  21  2:08  Factory  
  21  2:12  SCV  
  22  2:24  Marine x2, SCV  
  22  2:29  Bunker  
  25  2:36  SCV  
  26  2:41  Marine  
  26  2:42  Marine  
  28  2:48  SCV  
  29  2:53  Hellion  
  29  2:54  Starport  
  31  3:00  Orbital Command  
  31  3:01  SCV  
  31  3:03  Marine  
  33  3:07  Marine  
  34  3:13  SCV  
  34  3:15  Hellion  
  37  3:21  Marine  
  37  3:22  Supply Depot  
  37  3:25  Marine, SCV  
  37  3:26  SCV  
  41  3:30  Medivac  
  43  3:36  Hellion  
  43  3:38  SCV  
  46  3:43  Barracks  
  46  3:44  SCV  
  46  3:46  Refinery  
  47  3:52  Barracks, SCV  
  48  3:56  SCV  
  49  4:04  SCV  
  49  4:05  Marine x2  
  49  4:07  Engineering Bay  
  49  4:08  SCV  
  53  4:16  SCV  
  52  4:20  SCV  
  52  4:23  Marine x2  
  53  4:29  SCV  
  52  4:32  Barracks Tech Lab  
  52  4:33  SCV  
  52  4:35  Terran Infantry Weapons Level 1  
  53  4:38  Missile Turret  
  53  4:41  SCV  
  53  4:42  Barracks Tech Lab  
  53  4:45  Supply Depot  
  54  4:47  Supply Depot  
  54  4:51  Refinery  
  54  4:55  Stimpack  
  54  5:01  Combat Shield, Supply Depot  
  54  5:06  Marine x2  
  54  5:07  Marauder x2, SCV x2  
  62  5:10  Refinery, Supply Depot  
  62  5:16  Starport Reactor  
  62  5:18  Medivac  
  62  5:19  SCV x2  
  66  5:23  Supply Depot  
  66  5:24  Marine x2  
  66  5:26  Factory Reactor  
  68  5:30  Marine x2  
  68  5:31  SCV x2  
  68  5:32  Supply Depot  
  72  5:41  Missile Turret  
  71  5:43  Marine x2, SCV  
  71  5:47  SCV  
  71  5:48  Marauder x2  
  79  5:51  Starport Reactor  
  79  5:55  SCV  
  80  6:01  Marine  
  81  6:04  Widow Mine  
  81  6:05  Widow Mine  
  81  6:09  Marauder  
  81  6:11  Command Center  
  87  6:12  Armory  
  87  6:13  Marine  
  87  6:16  SCV x2  
  87  6:17  Marauder  
  91  6:23  Marine  
  92  6:27  Widow Mine  
  94  6:33  SCV, Supply Depot  
  94  6:35  Concussive Shells, Supply Depot  
  94  6:40  Medivac  
  94  6:41  Marauder, Widow Mine, SCV  
  94  6:44  Medivac  
  102  6:49  Marauder  
  102  6:55  Marine x2, Widow Mine  
  102  6:56  SCV x2  
  108  7:02  Widow Mine  
  111  7:08  SCV x2  
  111  7:09  Terran Infantry Armor Level 1  
  111  7:10  Medivac  
  114  7:16  Marauder x2  
  118  7:27  Supply Depot  
  118  7:28  Supply Depot  
  118  7:40  Barracks  
  118  7:41  Barracks  
  118  7:48  Marine x2  
  118  7:49  Widow Mine x2, SCV x2  
  118  7:50  Marauder  
  128  8:01  Ghost Academy, SCV x2  
  128  8:03  Marauder, Viking x2  
  136  8:06  Marine  
  136  8:07  Orbital Command  
  136  8:10  Widow Mine  
  136  8:11  Marine  
  138  8:13  SCV  
  138  8:15  Marine  
  138  8:19  SCV  
  137  8:25  SCV  
  137  8:26  Marine  
  137  8:27  Marauder  
  138  8:30  Marine, Widow Mine  
  138  8:31  SCV  
  138  8:32  Widow Mine  
  138  8:34  Marauder  
  123  8:40  Viking  
  123  8:42  Barracks Reactor, Barracks Tech Lab  
  123  8:44  SCV  
  123  8:46  SCV  
  123  8:47  SCV  
  123  8:50  Marine  
  123  8:51  Marauder  
  122  8:56  SCV  
  122  8:59  Marauder, Marine  
  125  9:03  Viking  
  125  9:08  Marine, SCV x2  
  127  9:18  SCV  
  127  9:21  Marine  
  127  9:22  Marauder  
  127  9:23  SCV  
  132  9:26  SCV  
  132  9:30  Marine, SCV  
  125  9:33  Viking  
  125  9:35  Viking  
  125  9:36  Marauder, SCV  
  120  9:39  Marine  
  120  9:43  Marine  
  110  9:53  Marine, Ghost  
  110  9:54  Marine x2  
  110  9:57  Refinery, Ghost  
  117  10:00  Ghost  
  117  10:03  Viking  
  117  10:04  Marine  
  117  10:05  Viking  
  124  10:07  Engineering Bay  
  124  10:11  Marine  
  124  10:12  Marine x2  
  127  10:18  Refinery, Supply Depot  
  121  10:21  Marine, Ghost  
  121  10:26  Marauder  
  126  10:29  Marine  
  126  10:30  Marauder, Marine x2  
Show
View Real Time Build Order
Export as new Build Order

ShoWTimE Protoss - Winner!

Build Orders: 1 Gate Expand, Oracle Opening 

Get SALT Encoding   

  12  0:00  Probe  
  13  0:12  Probe  
  14  0:17  Pylon  
  14  0:24  Probe (Chrono Boost)  
  15  0:36  Gateway, Probe (Chrono Boost)  
  16  0:44  Probe (Chrono Boost)  
  16  0:45  Assimilator  
  17  0:51  Probe  
  18  1:03  Probe  
  19  1:15  Probe  
  20  1:23  Nexus  
  20  1:33  Cybernetics Core  
  20  1:35  Probe  
  21  1:42  Assimilator  
  21  1:47  Probe  
  21  1:51  Pylon  
  22  1:59  Probe  
  23  2:06  Adept (Chrono Boost)  
  23  2:11  Probe  
  26  2:19  Stargate  
  26  2:23  Probe (Chrono Boost)  
  26  2:27  Adept (Chrono Boost)  
  29  2:33  Warp Gate  
  29  2:35  Probe (Chrono Boost)  
  31  2:41  Probe (Chrono Boost)  
  32  2:44  Probe (Chrono Boost)  
  32  2:48  Probe (Chrono Boost)  
  32  2:49  Adept, Probe (Chrono Boost)  
  36  2:56  Pylon  
  36  3:00  Probe  
  36  3:01  Probe  
  36  3:03  Oracle (Chrono Boost)  
  38  3:12  Probe  
  42  3:13  Probe  
  42  3:19  Adept  
  45  3:22  Gateway  
  45  3:31  Probe x2  
  47  3:38  Gateway  
  47  3:39  Pylon  
  47  3:43  Probe x2  
  47  3:47  Pylon  
  49  3:57  Oracle (Chrono Boost)  
  49  4:01  Probe x2  
  54  4:05  Gateway  
  54  4:10  Twilight Council  
  51  4:17  Probe  
  51  4:18  Probe  
  51  4:22  Stalker x2  
  54  4:32  Probe  
  54  4:34  Probe  
  54  4:37  Nexus  
  56  4:38  Pylon  
  56  4:44  Robotics Facility, Probe  
  57  4:47  Assimilator  
  57  4:48  Probe  
  57  4:52  Charge (Chrono Boost)  
  58  4:55  Assimilator  
  58  4:56  Probe  
  59  5:00  Probe  
  60  5:07  Gateway  
  60  5:08  Probe  
  60  5:12  Sentry, Probe  
  60  5:13  Zealot  
  66  5:19  Pylon  
  66  5:21  Probe  
  67  5:24  Zealot, Probe  
  67  5:26  Phoenix  
  72  5:32  Observer  
  72  5:33  Probe  
  74  5:37  Probe  
  74  5:42  Gateway  
  75  5:44  Zealot  
  75  5:45  Probe  
  75  5:48  Sentry  
  75  5:49  Probe  
  81  5:50  Probe  
  82  5:57  Probe  
  82  5:58  Zealot x2  
  82  6:01  Probe  
  82  6:02  Probe  
  82  6:03  Shield Battery  
  89  6:07  Pylon  
  89  6:10  Probe  
  89  6:11  Zealot x2  
  93  6:17  Zealot  
  93  6:18  Immortal (Chrono Boost)  
  95  6:24  Zealot  
  101  6:28  Pylon  
  101  6:30  Probe  
  101  6:31  Probe x2  
  104  6:34  Zealot  
  104  6:35  Zealot  
  104  6:39  Pylon  
  106  6:41  Robotics Bay  
  106  6:42  Zealot  
  106  6:46  Probe  
  109  6:52  Pylon, Probe x2  
  109  6:56  Observer (Chrono Boost)  
  109  6:57  Gateway  
  109  6:58  Robotics Facility  
  109  7:01  Probe  
  109  7:04  Probe  
  109  7:06  Probe  
  109  7:08  Assimilator  
  111  7:09  Pylon, Observer (Chrono Boost)  
  111  7:11  Forge  
  111  7:12  Assimilator  
  111  7:13  Probe  
  113  7:21  Pylon  
  113  7:22  Phoenix (Chrono Boost)  
  115  7:26  Shield Battery  
  115  7:27  Colossus (Chrono Boost)  
  121  7:34  Stalker x2  
  125  7:38  Protoss Ground Weapons Level 1 (Chrono Boost)  
  125  7:39  Phoenix (Chrono Boost)  
  125  7:40  Pylon  
  125  7:41  Zealot x2  
  131  7:53  Zealot x2  
  141  8:00  Probe x3  
  141  8:02  Pylon, Colossus (Chrono Boost)  
  144  8:06  Phoenix  
  140  8:15  Colossus  
  140  8:16  Zealot  
  140  8:19  Pylon  
  148  8:21  Pylon  
  148  8:30  Probe x3 (Chrono Boost)  
  138  8:35  Phoenix (Chrono Boost)  
  138  8:40  Probe x3 (Chrono Boost)  
  143  8:45  Probe x3 (Chrono Boost)  
  146  8:51  Colossus  
  150  8:56  Probe x3  
  150  8:57  Phoenix (Chrono Boost)  
  155  9:04  Forge  
  155  9:08  Probe x2  
  157  9:12  Warp Prism  
  157  9:14  Pylon  
  159  9:19  Photon Cannon  
  159  9:20  Phoenix (Chrono Boost)  
  161  9:24  Zealot x4  
  161  9:27  Zealot x2  
  165  9:38  Observer  
  145  9:48  Phoenix  
  145  9:50  Zealot x3  
  151  9:57  Nexus  
  151  10:01  Disruptor  
  151  10:03  Disruptor  
  157  10:14  Pylon  
  157  10:15  Zealot x3  
  157  10:16  Pylon  
  157  10:18  Phoenix  
  163  10:24  Zealot x3  
  161  10:39  Zealot x3  
  139  10:47  Zealot x2  
Tags
 
Add a new tag
Caveats
  • Supply blocks, unpowered buildings, or Contaminate may cause inaccurate times.
  • Supply counts are checked every 10 seconds.